 Dungeon Crawl Stone Soup version 0.16.1-25-gbcee3f8 (webtiles) character file.

871280 angrylion the Skullcrusher (level 27, -44/179 HPs)
             Began as a Gargoyle Fighter on May 5, 2015.
             Was the Champion of Okawaru.
             Thrown by an octopode crusher (59 damage)
             ... on level 5 of the Abyss on May 22, 2015.
             The game lasted 23:01:40 (134528 turns).

angrylion the Skullcrusher (Gargoyle Fighter)     Turns: 134528, Time: 23:01:40

Health: -44/179    AC: 74    Str: 31      XL:     27
Magic:  39/39      EV: 12    Int: 12 (15) God:    Okawaru [******]
Gold:   9033       SH: 32    Dex: 12      Spells: 0 memorised, 26 levels left

rFire  + + +     SeeInvis .     T - +9 morningstar "Futenk" {crush, rF+ Int+4}
rCold  + + +     Clarity  .     I - +12 gold dragon armour
rNeg   + + +     SustAb   .     y - +4 large shield {rN+}
rPois  ∞         Gourm    .     B - +0 helmet of Relativism {MR+}
rElec  +         Spirit   .     L - +4 dragonskin cloak
rCorr  .         Warding  .     v - +2 pair of gloves {Dex+3}
rMut   +         Stasis   .     s - +2 pair of boots {run}
MR     ++++.                    Z - amulet of resist mutation (curse)
Stlth  ..........               G - ring "Noata" {rF+ rC++ MR+}
                                n - ring of positive energy

@: flying, studying Conjurations, quick, incredibly resistant to hostile
enchantments, extremely unstealthy
A: able to fly continuously, big wings, blurry vision 2, deterioration 1, frail
1, negative energy resistance 1, electricity resistance, unbreathing,
petrification resistance, rot immunity, AC +20
a: Stop Flying, Heroism, Finesse, Renounce Religion
}: 5/15 runes: serpentine, barnacled, slimy, silver, golden


You were on level 5 of the Abyss.
You worshipped Okawaru.
Okawaru was exalted by your worship.
You were near starving.

You visited 13 branches of the dungeon, and saw 68 of its levels.
You visited the Abyss 4 times.
You also visited: Labyrinth and Trove.

You collected 12284 gold pieces.
You spent 3251 gold pieces at shops.

Inventory:

Hand weapons
 o - a cursed +8 demon whip of electrocution
 T - the +9 morningstar "Futenk" (weapon) {crush, rF+ Int+4}
   (Okawaru gifted it to you on level 5 of the Depths)

   It inflicts extra damage upon your enemies.
   It affects your intelligence (+4).
   It protects you from fire.
Missiles
 E - 45 javelins of returning (quivered)
 J - a poisoned tomahawk
 M - 12 throwing nets
 P - 42 javelins
 Q - 52 poisoned javelins
 R - 6 silver javelins
 S - 18 tomahawks of dispersal
Armour
 s - a +2 pair of boots of running (worn)
 v - a +2 pair of gloves of dexterity (worn)
 y - a +4 large shield of positive energy (worn)
 B - the +0 helmet of Relativism (worn) {MR+}
   (Okawaru gifted it to you on level 1 of the Depths)

   It affects your resistance to hostile enchantments.
 I - a +12 gold dragon armour (worn)
 L - the +4 dragonskin cloak (worn)
   (You took it off Tiamat on level 3 of the Realm of Zot)
 N - a +2 pair of boots of stealth
Jewellery
 f - a cursed amulet of warding
 n - a ring of positive energy (left hand)
 q - the amulet of Vitality {Regen+ HP+15}
   (You found it on level 2 of the Tomb of the Ancients)

   [amulet of regeneration]

   It affects your health (+15).
   It increases your rate of regeneration.
 x - the ring "Smiazuko" {rF+ Str+4}
   (You found it on level 3 of the Tomb of the Ancients)

   [ring of strength]

   It affects your strength (+4).
   It protects you from fire.
 G - the ring "Noata" (right hand) {rF+ rC++ MR+}
   (You found it in a treasure trove)

   [ring of protection from fire]

   It protects you from fire.
   It greatly protects you from cold.
   It affects your resistance to hostile enchantments.
 O - a cursed ring of teleport control
 V - a cursed +5 ring of slaying
 X - a cursed ring of see invisible
 Z - a cursed amulet of resist mutation (around neck)
Magical devices
 k - a wand of hasting (3)
 r - a wand of disintegration (1)
 D - a wand of heal wounds (0)
 F - a wand of disintegration (7)
 W - a wand of cold (0)
Scrolls
 a - a scroll of identify
 b - 12 scrolls of fear
 e - 27 scrolls of teleportation
 h - 2 scrolls of silence
 l - 3 scrolls of blinking
 m - a scroll of magic mapping
 p - 21 scrolls of remove curse
 K - a scroll of noise
Potions
 t - 5 potions of haste
 u - 3 potions of resistance
 z - 5 potions of cancellation
 C - 15 potions of curing
 H - 4 potions of might
 U - 4 potions of restore abilities
Books
 c - a manual of Conjurations
Miscellaneous
 A - a sack of spiders {used: 5}
Comestibles
 d - 23 bread rations
 j - 33 meat rations


   Skills:
 O Level 27 Fighting
 O Level 27 Maces & Flails
 + Level 22.9 Throwing
 * Level 24.1 Armour
 * Level 11.4 Dodging
 + Level 5.3 Stealth
 O Level 27 Shields
 + Level 6.4 Invocations
 + Level 15.6 Evocations


You had 26 spell levels left.
You didn't know any spells.

Dungeon Overview and Level Annotations

Branches:
Dungeon (15/15)            Temple (1/1) D:6            Lair (8/8) D:11
 Shoals (5/5) Lair:6        Snake (5/5) Lair:4        Slime (6/6) Lair:8
    Orc (4/4) D:11            Elf (3/3) Orc:4        Vaults (5/5) D:14
  Crypt (3/3) Vaults:3       Tomb (3/3) Crypt:3      Depths (5/5) D:15
    Zot (5/5) Depths:5

Altars:
Ashenzari
Cheibriados
Dithmenos
Elyvilon
Fedhas
Gozag
Kikubaaqudgha
Makhleb
Nemelex Xobeh
Okawaru
Qazlal
Ru
Sif Muna
Trog
Vehumet
Xom
Yredelemnul
Zin
The Shining One
Lugonu

Shops:
D:5 *   D:13 *   Orc:4 !}?!   Elf:1 }   Elf:3 [   Snake:4 }   Vaults:1 !
Vaults:3 !   Depths:1 (

Portals:
Hell: Depths:1 Depths:2 Depths:3 Depths:4 Depths:5
Abyss: Depths:4
Pandemonium: Depths:3
Ziggurat: Depths:3


Innate Abilities, Weirdness & Mutations

You are resistant to torment.
You are immune to poison.
You can fly continuously.
Your stone body is very resilient (AC +20).
Your wings are large and strong.
You resist negative energy.
You are resistant to electric shocks.
You can survive without breathing.
You are immune to petrification.
You are immune to rotting.
[Scrolls take you longer to read.]
[Your body is slowly deteriorating.]
[You are frail (-10% HP).]


Message History

The smoke demon barely misses you.
The octopode crusher tentacle-slaps you but does no damage.
The octopode crusher constricts you.
The smoke demon is engulfed in a cloud of scalding steam.
You block the smoke demon's attack. The smoke demon hits you.
* * * LOW HITPOINT WARNING * * *
The smoke demon hits you but does no damage.
You impale the octopode crusher!!
The octopode crusher is severely wounded.
You block the smoke demon's attack. x3
The octopode crusher tentacle-slaps you!
* * * LOW HITPOINT WARNING * * *
The octopode crusher constricts you. The smoke demon closely misses you.
The smoke demon hits you but does no damage.
The smoke demon barely misses you.
Drink which item? (? for menu, Esc to quit)
You feel better. You block the smoke demon's attack.
You block the smoke demon's attack. The smoke demon misses you.
The octopode crusher throws you!
You die...

.... ##..
....#.. ...
#.#...##... .
##.....#..#
.#.#......#..
....≈≈.≈≈..# .#
....≈≈.*3..#...#
....#..φWx...#
#.≈≈.@3#.##
.....≈≈.≈≈#.#
.........###
.........#
....##.... ...
...... . #.....
###.... #


You could see an octopode crusher, 2 smoke demons, a drowned soul and a lurking
horror.

Vanquished Creatures
  the royal jelly (Slime:6)
  Dissolution (Slime:3)
  13 ancient liches
  Tiamat (Zot:3)
  6 orbs of fire
  27 greater mummies
  The ghost of jazmu the Sniper, a legendary GrAM of the Shining One (Tomb:1)
  Sojobo (Depths:2)
  Margery (Vaults:4)
  Saint Roka (Elf:2)
  3 curse toes
  Mennas (Depths:3)
  4 Killer Klowns
  8 golden dragons
  A profane servitor (Abyss:5)
  Frederick (Depths:5)
  the Enchantress (D:15)
  A bone dragon (Depths:5)
  7 electric golems
  A hellephant (Abyss:5)
  17 tentacled monstrosities
  22 acid blobs
  2 titans (Depths:4)
  5 liches
  Asterion (Shoals:1)
  2 deep elf blademasters (Elf:2)
  25 Orb Guardians (Zot:5)
  2 deep elf master archers (Elf:3)
  12 tentacled starspawn
  A kraken (Shoals:4)
  Polyphemus (Shoals:5)
  2 octopode crushers (Depths:1)
  9 sphinxes
  Agnes (D:15)
  An Executioner (Abyss:5)
  A shadow dragon (shapeshifter) (Depths:3)
  9 ancient champions
  20 storm dragons
  9 draconian monks
  A daeva (Abyss:5)
  5 frost giants
  Roxanne (Elf:2)
  6 tengu reavers
  7 greater nagas
  An azure jelly (shapeshifter) (Depths:3)
  Ilsuiw (Shoals:5)
  5 revenants
  13 shadow dragons
  Donald (D:13)
  An orc warlord (Orc:2)
  Wiglaf (Vaults:1)
  12 azure jellies
  16 fire giants
  2 ghost moths
  3 deep elf sorcerers
  3 iron dragons
  7 emperor scorpions
  21 vault wardens
  A balrug (Abyss:5)
  Aizul (Vaults:1)
  7 draconian knights
  14 draconian scorchers
  3 curse skulls
  9 draconian zealots
  The ghost of emiel the Protected, a powerful FoFi of Cheibriados (Lair:8)
  An angel (Abyss:5)
  8 ghouls
  7 draconian annihilators
  Jorgrun (Shoals:5)
  16 ironheart preservers
  3 spriggan defenders (D:15)
  23 very ugly things
  16 draconian shifters
  10 reapers
  23 stone giants
  4 war gargoyles
  An ophan (Abyss:5)
  8 draconian callers
  8 grey draconians
  7 green draconians
  6 vampire knights
  7 deep elf demonologists
  11 mottled draconians
  9 white draconians
  12 black draconians
  11 deep elf annihilators
  5 pale draconians
  8 bennus
  16 yellow draconians
  9 red draconians
  11 purple draconians
  A lorocyproca (Abyss:5)
  3 unborn
  2 green deaths (Abyss:5)
  7 eidola
  3 dire elephants
  Snorg (Lair:5)
  10 death oozes
  4 merfolk javelineers (Shoals:5)
  30 mummy priests
  14 deep elf death magi
  13 crystal guardians (Depths:3)
  9 rakshasas
  17 ettins
  12 merfolk impalers
  2 blizzard demons (Depths:3)
  36 vault guards
  11 yaktaur captains
  6 minotaurs
  4 jiangshi
  10 death cobs
  11 fire dragons
  5 deep elf high priests
  8 great orbs of eyes
  2 quicksilver dragon skeletons
  A hell beast (Depths:1)
  21 ice dragons
  18 naga warriors
  A hydra (shapeshifter) (Depths:3)
  5 merfolk avatars
  A ghost crab (shapeshifter) (Vaults:4)
  5 hydras
  2 catoblepae
  The ghost of hannobal the Geomancer, a powerful OpEE of Ashenzari (Lair:3)
  Erica (Elf:1)
  14 ogre magi
  11 deep troll earth magi
  An alligator snapping turtle (Shoals:5)
  3 merfolk aquamancers
  29 dancing weapons
  4 spriggan air magi
  22 anacondas
  A satyr (Shoals:4)
  26 death yaks
  A spectral dire elephant (Tomb:3)
  3 orc high priests (Orc:4)
  5 vampire magi
  7 centaur warriors
  2 death knights (Crypt:3)
  9 spriggan berserkers
  A tengu warrior (D:15)
  11 naga sharpshooters
  A storm dragon zombie (Crypt:1)
  A sun demon (Abyss:5)
  5 soul eaters
  7 deep troll shamans
  26 thrashing horrors
  An iron golem (Depths:3)
  A hell knight (Vaults:4)
  4 fire crabs (shapeshifter)
  24 deep trolls
  15 wretched stars
  13 shock serpents
  27 skeletal warriors
  7 salamander mystics
  6 iron trolls
  7 shadow wraiths
  14 sea snakes
  18 deep elf knights
  An ice devil (Abyss:5)
  3 fire crabs
  6 spatial maelstroms
  3 unseen horrors
  16 wizards
  13 death scarabs
  6 ball lightnings (Depths:3)
  2 death drakes
  6 flayed ghosts
  4 giant orange brains
  2 ice statues (Depths:3)
  8 deep elf summoners
  A swamp dragon (shapeshifter) (Depths:3)
  A giant orange brain (shapeshifter) (Vaults:5)
  2 obsidian statues (Depths:3)
  6 naga ritualists
  18 harpies
  A lindwurm (shapeshifter) (Vaults:4)
  A wolf spider zombie (Tomb:3)
  2 mana vipers (shapeshifter)
  A shadow dragon zombie (Tomb:1)
  4 necromancers
  10 hill giants
  6 shining eyes
  4 lindwurms (Snake:5)
  14 orc knights
  5 wolf spiders
  A griffon (shapeshifter) (Depths:3)
  18 ironbrand convokers
  A shining eye (shapeshifter) (Depths:3)
  17 deep elf conjurers
  6 oklob plants
  18 anubis guards
  5 hornets
  An anubis guard (shapeshifter) (Vaults:1)
  14 griffons
  An orb spider (Abyss:5)
  A wolf spider (shapeshifter) (Vaults:4)
  7 water nymphs
  5 phantasmal warriors
  47 ugly things
  A stone giant zombie (Abyss:1)
  19 mana vipers
  8 orc sorcerers
  A worldbinder (Abyss:5)
  A cyclops (shapeshifter) (Depths:3)
  A frost giant zombie (Vaults:4)
  3 fauns (Shoals:4)
  A fire giant zombie (Tomb:2)
  10 manticores
  An elephant (shapeshifter) (Vaults:1)
  3 hornets (shapeshifter)
  An iron dragon skeleton (Tomb:1)
  A rust devil (Tomb:1)
  7 sixfirhies
  A draconian (shapeshifter) (Depths:3)
  A human skeleton (Vaults:2)
  A moth of wrath (shapeshifter) (Vaults:2)
  9 salamanders
  23 elephants
  54 black mambas
  9 sirens
  Maurice (D:9)
  20 vault sentinels
  4 cyclopes
  A frost giant skeleton (Vaults:2)
  27 naga magi
  16 spiny frogs
  8 eyes of devastation
  4 molten gargoyles (Depths:3)
  7 guardian serpents
  A drowned soul (Abyss:5)
  29 moths of wrath
  16 smoke demons
  8 gargoyles
  2 torpor snails
  2 apocalypse crabs (Abyss:5)
  4 centaur skeletons
  A queen ant (shapeshifter) (Depths:3)
  39 yaktaurs
  An orange demon (Abyss:1)
  An alligator snapping turtle zombie (Crypt:3)
  A pale draconian zombie (Crypt:3)
  21 small abominations
  6 komodo dragons
  A dire elephant skeleton (Tomb:1)
  3 kobold demonologists
  An emperor scorpion zombie (Tomb:3)
  5 efreet
  An iron troll zombie (Crypt:3)
  3 fire drakes
  A yellow draconian skeleton (Zot:3)
  A purple draconian skeleton (Crypt:2)
  A ghost moth simulacrum (Tomb:1)
  8 hellwings
  12 ancient zymes
  A red draconian skeleton (Zot:3)
  An elf (shapeshifter) (Vaults:3)
  2 tengu conjurers
  51 merfolk
  A sea snake skeleton (Crypt:1)
  25 two-headed ogres
  5 red devils
  3 silent spectres
  15 deep elf priests
  A spriggan druid (Lair:8)
  A wind drake (shapeshifter) (Depths:3)
  A jumping spider (Vaults:4)
  3 tengu simulacra
  31 guardian mummies
  13 trolls
  A white draconian skeleton (Zot:3)
  11 freezing wraiths
  A merfolk (shapeshifter) (Elf:3)
  6 polar bears (Lair:8)
  32 large abominations
  Prince Ribbit (D:7)
  An ettin zombie (Vaults:4)
  A minotaur skeleton (Lab)
  15 ushabtiu
  A hornet zombie (Crypt:3)
  11 wind drakes
  155 slime creatures
  9 snapping turtles
  A two-headed ogre (shapeshifter) (Depths:3)
  An ice dragon zombie (Abyss:1)
  32 raiju
  6 ravens
  4 vampires
  4 basilisks
  3 bog bodies
  A frost giant simulacrum (Vaults:2)
  A trapdoor spider (D:14)
  4 blink frogs
  8 boulder beetles
  A baby alligator (shapeshifter) (Elf:3)
  4 shadows
  A stone giant simulacrum (Vaults:4)
  A trapdoor spider (shapeshifter) (Depths:3)
  10 redbacks
  10 wraiths
  7 air elementals
  5 wyverns
  4 fire bats
  17 humans
  2 ettin skeletons
  A queen ant zombie (Crypt:2)
  8 ynoxinuls
  7 fire elementals (Depths:3)
  38 deep elf magi
  36 flying skulls
  2 tarantellas (shapeshifter)
  24 water elementals
  19 spriggans
  6 chaos spawn
  59 deep elf fighters
  Eustachio (Orc:1)
  A human (shapeshifter) (Vaults:3)
  12 hippogriffs
  A tarantella (Vaults:4)
  A hog (shapeshifter) (Depths:3)
  11 golden eyes
  A steam dragon (D:11)
  68 yaks
  A yak (shapeshifter) (Abyss:5)
  49 nagas
  4 spatial vortices
  A yaktaur simulacrum (Vaults:2)
  28 wolves
  5 hell hounds (Abyss:1)
  2 hungry ghosts
  4 insubstantial wisps
  23 vampire mosquitoes
  18 neqoxecs
  A minotaur simulacrum (Depths:1)
  8 wargs
  5 mottled dragons
  A soldier ant (shapeshifter) (Depths:4)
  32 water moccasins
  A gelid demonspawn skeleton (Crypt:2)
  3 sky beasts
  A faun skeleton (Crypt:1)
  A merfolk skeleton (Crypt:1)
  9 porcupines
  A torturous demonspawn skeleton (Crypt:3)
  43 orc warriors
  8 spiders (Depths:1)
  6 necrophages
  A swamp drake (Zot:3)
  7 centaurs
  A deep dwarf (Vaults:5)
  5 black bears
  10 boggarts
  An elephant zombie (Crypt:1)
  7 ice beasts
  A boggart (shapeshifter) (Depths:3)
  5 phantoms
  A black bear (shapeshifter) (Depths:2)
  6 boring beetles
  A manticore zombie (Crypt:1)
  12 eyes of draining
  21 crocodiles
  A crocodile (shapeshifter) (Vaults:4)
  41 ogres
  2 big kobolds
  A hog skeleton (Crypt:2)
  12 wasps
  Sigmund (D:8)
  A brain worm (D:15)
  A fire drake skeleton (Crypt:1)
  12 human zombies
  A lost soul (Elf:3)
  A big kobold (shapeshifter) (Depths:3)
  Blork the orc (D:6)
  A yaktaur zombie (Vaults:5)
  3 wyvern zombies
  26 giant frogs
  A glowing shapeshifter simulacrum (Vaults:2)
  8 earth elementals
  2 gnoll sergeants
  A wyvern skeleton (D:13)
  An ogre simulacrum (Vaults:1)
  20 killer bees
  3 scorpions
  17 wights
  5 electric eels
  47 jellies
  2 lava snakes
  4 centaur zombies
  74 starcursed masses
  A two-headed ogre zombie (Crypt:3)
  14 crimson imps
  10 hounds
  17 iguanas
  34 orc priests
  6 quasits
  2 wasp zombies
  A wolf skeleton (Crypt:2)
  An iron imp (Abyss:5)
  13 sheep
  4 worker ants
  Natasha (thrice) (D:3)
  38 orc wizards
  A killer bee zombie (D:7)
  A naga zombie (Crypt:2)
  A tengu skeleton (Crypt:3)
  A naga skeleton (Crypt:1)
  A big kobold skeleton (Crypt:3)
  A hound skeleton (D:11)
  44 mummies
  2 worker ant zombies
  28 gnolls
  39 adders
  54 river rats
  4 shadow imps
  A swamp drake skeleton (Crypt:1)
  5 white imps
  4 giant mites
  6 worms
  12 ufetubi
  An adder skeleton (D:8)
  13 giant geckos
  2 oozes (D:4)
  183 orcs
  6 ball pythons
  2 bat skeletons
  21 hobgoblins
  24 quokkas
  A ball python zombie (Crypt:1)
  15 bats
  6 giant cockroaches
  2 giant gecko zombies
  4 giant newts
  A giant spore (D:6)
  24 goblins
  A hobgoblin zombie (Crypt:2)
  3 jackals
  18 kobolds
  7 orc zombies
  2 quokka skeletons
  A quokka zombie (Crypt:3)
  10 rats
  14 ballistomycetes
  2 bushes (Abyss:2)
  A butterfly (D:15)
  3 crawling corpses
  19 fungi
  24 plants
  5 starspawn tentacles (Abyss:5)
  3 tentacles (Shoals:4)
4125 creatures vanquished.

Vanquished Creatures (collateral kills)
  A merfolk javelineer (Shoals:5)
  A yaktaur captain (Depths:5)
  A death ooze (Slime:5)
  A skeletal warrior (Crypt:3)
  3 anubis guards (Tomb:2)
  A large abomination (Abyss:5)
  2 yaktaurs (Depths:5)
  2 guardian mummies (Tomb:2)
  3 flying skulls (Crypt:3)
  2 neqoxecs (Abyss:5)
  A boggart (shapeshifter) (Abyss:5)
  2 starcursed masses (Abyss:5)
  2 mummies (Tomb:2)
22 creatures vanquished.

Vanquished Creatures (others)
  Nikola (Elf:1)
  2 fire giants
  A ghost moth (Zot:3)
  A draconian scorcher (Depths:5)
  A draconian knight (Zot:3)
  2 draconian zealots (Zot:3)
  2 vault wardens
  2 stone giants (Vaults:4)
  A mottled draconian (Zot:3)
  An unborn (Tomb:2)
  2 merfolk javelineers
  4 yaktaur captains
  A thrashing horror (Abyss:5)
  A giant orange brain (Depths:3)
  A death scarab (Tomb:2)
  3 ball lightnings (Depths:3)
  An unseen horror (Vaults:1)
  A shadow wraith (Vaults:1)
  2 orb spiders (Abyss:5)
  A cyclops (D:14)
  An ugly thing (Depths:3)
  2 drowned souls
  A fire drake (Zot:1)
  17 yaktaurs
  A hellwing (Abyss:5)
  A hydra zombie (Tomb:3)
  2 jumping spiders (Abyss:5)
  2 fire vortices (Abyss:5)
  7 trapdoor spiders (Abyss:5)
  5 flying skulls
  6 redbacks
  2 deep elf magi (Elf:2)
  A fire elemental (Depths:3)
  A wolf (Lair:8)
  A spatial vortex (Abyss:5)
  3 deep elf fighters
  A warg (Vaults:1)
  A naga (Snake:5)
  An ogre (Vaults:4)
  An eye of draining (Abyss:1)
  A wasp (Depths:4)
  6 lost souls
  A giant frog (D:8)
  A crocodile (Lair:3)
  3 centaurs
  A wight (Tomb:2)
  11 chimeras
  A centaur skeleton (Abyss:1)
  2 orc wizards
  An ufetubus (Abyss:5)
  A giant gecko (Lair:3)
  6 orcs
  A ball python (Snake:1)
  4 giant newts (Lair:3)
  2 giant spores
  2 kobolds (D:15)
  4 lurking horrors (Abyss:5)
  5 fungi
  2 plants (Abyss:5)
  18 starspawn tentacles (Abyss:5)
  185 starspawn tentacle segments (Abyss:5)
  5 tentacles (Shoals:4)
  101 tentacle segments (Shoals:4)
452 creatures vanquished.

Grand Total: 4599 creatures vanquished

Notes
Turn   | Place    | Note
--------------------------------------------------------------
     0 | D:1      | angrylion, the Gargoyle Fighter, began the quest for the Orb.
     0 | D:1      | Reached XP level 1. HP: 14/14 MP: 1/1
   109 | D:1      | Reached XP level 2. HP: 19/19 MP: 2/2
  1212 | D:2      | Reached XP level 3. HP: 22/24 MP: 3/3
  1551 | D:2      | Reached XP level 4. HP: 27/29 MP: 4/4
  1747 | D:3      | Noticed Natasha
  1892 | D:3      | Reached skill level 4 in Armour
  1922 | D:3      | Killed Natasha
  1922 | D:3      | Reached skill level 1 in Throwing
  1971 | D:3      | Reached XP level 5. HP: 14/33 MP: 5/5
  2196 | D:3      | Reached skill level 1 in Dodging
  2364 | D:3      | Noticed an ogre
  2370 | D:3      | Noticed Natasha
  2378 | D:3      | Killed an ogre
  2378 | D:3      | Reached XP level 6. HP: 17/38 MP: 6/6
  2928 | D:3      | Killed Natasha
  3044 | D:3      | Found a burning altar of Makhleb.
  3317 | D:3      | Noticed Natasha
  3327 | D:3      | Killed Natasha
  4040 | D:4      | Reached skill level 5 in Shields
  4097 | D:4      | Found a sparkling altar of Nemelex Xobeh.
  4350 | D:4      | Reached XP level 7. HP: 13/44 MP: 7/7
  5206 | D:4      | Reached skill level 5 in Armour
  5526 | D:5      | Entered Level 5 of the Dungeon
  5730 | D:4      | Reached XP level 8. HP: 39/48 MP: 8/8
  5996 | D:5      | Found Teacw's Assorted Antiques.
  6005 | D:5      | Bought a scroll of identify for 50 gold pieces
  6222 | D:5      | Found a shadowy altar of Dithmenos.
  6270 | D:5      | Found a glowing silver altar of Zin.
  6280 | D:5      | Found a blossoming altar of Fedhas.
  6283 | D:5      | Found a basalt altar of Yredelemnul.
  6316 | D:5      | Reached skill level 6 in Shields
  6353 | D:5      | Reached skill level 5 in Fighting
  7545 | D:6      | Found a staircase to the Ecumenical Temple.
  7555 | Temple   | Entered the Ecumenical Temple
  7741 | Temple   | Became a worshipper of Warmaster Okawaru
  7902 | D:6      | Reached XP level 9. HP: 52/54 MP: 9/9
  8304 | D:7      | Reached skill level 5 in Maces & Flails
  8304 | D:7      | Reached skill level 1 in Stealth
  8304 | D:7      | Reached skill level 7 in Shields
  8627 | D:7      | Noticed Blork the orc
  8647 | D:6      | Killed Blork the orc
  8710 | D:7      | Noticed Sigmund
  8789 | D:7      | Acquired Okawaru's first power
  9984 | D:8      | Reached skill level 8 in Shields
 10113 | D:8      | Killed Sigmund
 10473 | D:7      | Noticed Prince Ribbit
 10484 | D:7      | Killed Prince Ribbit
 10484 | D:7      | Reached XP level 10. HP: 54/60 MP: 7/10
 11002 | D:8      | Found a deep blue altar of Sif Muna.
 12159 | D:8      | Reached skill level 5 in Throwing
 12159 | D:8      | Reached skill level 9 in Shields
 13047 | D:9      | Noticed Maurice
 13197 | D:9      | Killed Maurice
 13602 | D:10     | Entered Level 10 of the Dungeon
 14162 | D:10     | Received a gift from Okawaru
 14162 | D:10     | Reached XP level 11. HP: 64/67 MP: 12/12
 14254 | D:10     | Reached skill level 1 in Invocations
 14260 | D:10     | Reached skill level 10 in Shields
 14414 | D:10     | Received a gift from Okawaru
 14430 | D:10     | Reached skill level 1 in Evocations
 15088 | D:11     | Received a gift from Okawaru
 15237 | D:11     | Noticed a hill giant
 15243 | D:11     | Noticed a hill giant
 15245 | D:11     | Killed a hill giant
 15368 | D:11     | Received a gift from Okawaru
 15395 | D:11     | Noticed a hill giant
 15405 | D:11     | Killed a hill giant
 15405 | D:11     | Reached skill level 11 in Shields
 15567 | D:11     | Noticed a hill giant
 15597 | D:11     | Killed a hill giant
 15597 | D:11     | Acquired Okawaru's second power
 15597 | D:11     | Reached XP level 12. HP: 65/73 MP: 14/14
 15623 | D:11     | Noticed a hill giant
 15702 | D:11     | Killed a hill giant
 15721 | D:11     | Killed a hill giant
 15906 | D:11     | Found a staircase to the Lair.
 16008 | D:11     | Noticed a hill giant
 16016 | D:11     | Killed a hill giant
 16163 | D:11     | Found a staircase to the Orcish Mines.
 16365 | D:11     | Received a gift from Okawaru
 16642 | Lair:1   | Entered Level 1 of the Lair of Beasts
 17162 | Lair:1   | Noticed a four-headed hydra
 17173 | Lair:1   | Killed a four-headed hydra
 17981 | Lair:1   | Reached skill level 12 in Shields
 18635 | Lair:2   | Reached skill level 10 in Maces & Flails
 19099 | Lair:2   | Noticed a five-headed hydra
 19117 | Lair:2   | Killed a five-headed hydra
 19117 | Lair:2   | Reached skill level 5 in Dodging
 19117 | Lair:2   | Reached XP level 13. HP: 53/80 MP: 18/18
 19795 | Lair:3   | Noticed hannobal's ghost (powerful OpEE)
 19815 | Lair:3   | Killed hannobal's ghost
 20309 | Lair:3   | Received a gift from Okawaru
 21525 | Lair:4   | Reached skill level 13 in Shields
 21574 | Lair:4   | Found a staircase to the Snake Pit.
 22366 | Lair:4   | Reached skill level 10 in Armour
 22488 | Lair:4   | Received a gift from Okawaru
 22488 | Lair:4   | Reached skill level 10 in Fighting
 22802 | Snake:1  | Entered Level 1 of the Snake Pit
 23103 | Snake:1  | Got a warped cloak
 23114 | Snake:1  | Identified the +2 cloak "Kliet" {rF+ MP+9 Int+2} (You found it on level 1 of the Snake Pit)
 23173 | Snake:1  | Gained mutation: Your wings are large and strong. [gargoyle growth]
 23173 | Snake:1  | Reached XP level 14. HP: 60/88 MP: 20/20
 25307 | D:5      | Bought a lead wand for 100 gold pieces
 25307 | D:5      | Bought a short gold wand for 100 gold pieces
 25307 | D:5      | Bought a scroll of enchant armour for 187 gold pieces
 25603 | Lair:5   | Noticed Snorg
 25636 | Lair:5   | Killed Snorg
 25885 | Lair:5   | Reached skill level 14 in Shields
 25902 | Lair:5   | Found a staircase to the Snake Pit.
 26528 | Lair:5   | Received a gift from Okawaru
 27341 | Snake:2  | Received a gift from Okawaru
 27691 | Snake:2  | Received a gift from Okawaru
 28209 | Snake:2  | Reached XP level 15. HP: 78/95 MP: 21/21
 29756 | Snake:2  | Reached skill level 15 in Shields
 30793 | Snake:3  | Noticed a greater naga
 31318 | Snake:3  | Killed a greater naga
 32465 | Snake:4  | Found Qiafo's Gadget Boutique.
 32480 | Snake:4  | Bought a wand of invisibility (6) for 200 gold pieces
 32480 | Snake:4  | Bought a wand of magic darts (22) for 144 gold pieces
 32480 | Snake:4  | Bought a box of beasts for 400 gold pieces
 32579 | Snake:4  | Received a gift from Okawaru
 33779 | Snake:5  | Entered Level 5 of the Snake Pit
 33967 | Snake:5  | Noticed a greater naga
 33980 | Snake:4  | Killed a greater naga
 34250 | Snake:5  | Received a gift from Okawaru
 34312 | Snake:4  | Reached XP level 16. HP: 101/101 MP: 23/23
 34592 | Snake:4  | Received a gift from Okawaru
 34833 | Snake:5  | Reached skill level 16 in Shields
 35156 | Snake:5  | Noticed a greater naga
 35211 | Snake:5  | Killed a greater naga
 35211 | Snake:5  | Received a gift from Okawaru
 35211 | Snake:5  | Reached skill level 10 in Throwing
 35944 | Snake:5  | Noticed a greater naga
 38190 | Snake:5  | Received a gift from Okawaru
 38408 | Snake:5  | Reached skill level 17 in Shields
 38752 | Snake:5  | Received a gift from Okawaru
 38761 | Snake:5  | Got a pitted plate armour {god gift}
 38785 | Snake:5  | Identified the -1 plate armour of Satisfaction {rElec MR- Int-5 Dex+4 SInv} (Okawaru gifted it to you on level 5 of the Snake Pit)
 38857 | Snake:5  | Noticed a greater naga
 38877 | Snake:5  | Killed a greater naga
 38912 | Snake:5  | Noticed a greater naga
 38918 | Snake:5  | Killed a greater naga
 38940 | Snake:5  | Reached XP level 17. HP: 92/108 MP: 24/24
 39392 | Snake:5  | Got a serpentine rune of Zot
 39517 | Snake:5  | Killed a greater naga
 41322 | Lair:6   | Received a gift from Okawaru
 41332 | Lair:6   | Got an ichor-stained morningstar {god gift}
 41333 | Lair:6   | Identified the +8 morningstar of Death {venom, MR- Dex+3} (Okawaru gifted it to you on level 6 of the Lair of Beasts)
 41704 | Lair:6   | Found a staircase to the Shoals.
 42881 | Lair:8   | Entered Level 8 of the Lair of Beasts
 42913 | Lair:7   | Reached skill level 18 in Shields
 43102 | Lair:8   | Found a staircase to the Slime Pits.
 43436 | Lair:8   | Noticed emiel's ghost (powerful FoFi)
 43462 | Lair:8   | Killed emiel's ghost
 43570 | Lair:8   | Reached skill level 15 in Maces & Flails
 43837 | Lair:8   | Received a gift from Okawaru
 43935 | Lair:8   | Found a blossoming altar of Fedhas.
 45031 | D:12     | Reached XP level 18. HP: 115/115 MP: 25/25
 45831 | D:13     | Found Wirisie's Assorted Antiques.
 45834 | D:13     | Bought 2 potions of heal wounds for 270 gold pieces
 45834 | D:13     | Bought a wand of confusion for 40 gold pieces
 45834 | D:13     | Bought a wand of confusion for 40 gold pieces
 45902 | D:13     | Received a gift from Okawaru
 46114 | D:13     | Found a labyrinth entrance.
 46134 | Lab      | Entered a labyrinth
 46283 | Lab      | Identified Sif Muna's Papyrus of Talismans
 47184 | D:14     | Found a gate to the Vaults.
 47184 | D:14     | Noticed Donald
 47336 | D:13     | Killed Donald
 48170 | D:15     | Entered Level 15 of the Dungeon
 48465 | D:15     | Found a stormy altar of Qazlal.
 48590 | D:15     | Found a portal to a secret trove of treasure.
 49072 | D:15     | Found a staircase to the Depths.
 49413 | Orc:1    | Entered Level 1 of the Orcish Mines
 49615 | Orc:1    | Noticed Eustachio
 49624 | Orc:1    | Killed Eustachio
 50184 | Orc:2    | Reached skill level 19 in Shields
 51527 | Orc:4    | Entered Level 4 of the Orcish Mines
 51969 | Orc:4    | Received a gift from Okawaru
 51998 | Orc:4    | Found a staircase to the Elven Halls.
 52245 | Orc:4    | Found Kiovi's Distillery.
 52282 | Orc:4    | Received a gift from Okawaru
 52356 | Orc:4    | Identified 3 scrolls of acquirement
 52377 | Orc:4    | Found Izuaquov's Gadget Shoppe.
 52377 | Orc:4    | Found Ibaeviv's Distillery.
 52378 | Orc:4    | Found Seitimum's Magic Scroll Shop.
 52532 | Orc:4    | Bought a scroll of identify for 28 gold pieces
 52532 | Orc:4    | Bought a scroll of fear for 49 gold pieces
 52532 | Orc:4    | Bought a scroll of teleportation for 42 gold pieces
 52532 | Orc:4    | Bought a scroll of teleportation for 42 gold pieces
 52532 | Orc:4    | Bought a scroll of magic mapping for 49 gold pieces
 52532 | Orc:4    | Bought a scroll of vulnerability for 105 gold pieces
 52544 | Orc:4    | Bought a potion of invisibility for 112 gold pieces
 52544 | Orc:4    | Bought a potion of curing for 42 gold pieces
 52544 | Orc:4    | Bought a potion of lignification for 42 gold pieces
 52544 | Orc:4    | Bought a potion of curing for 42 gold pieces
 52544 | Orc:4    | Bought a potion of ambrosia for 112 gold pieces
 52544 | Orc:4    | Bought a potion of curing for 42 gold pieces
 52544 | Orc:4    | Bought a potion of heal wounds for 70 gold pieces
 52568 | Orc:4    | Bought a potion of heal wounds for 90 gold pieces
 52568 | Orc:4    | Bought a potion of heal wounds for 90 gold pieces
 52957 | Orc:4    | Got a pair of bloodstained gloves
 52968 | Orc:4    | Identified the +1 pair of gloves "Hoaschu" {rC+ rCorr Str+6 Dex-5} (You found it on level 4 of the Orcish Mines)
 53251 | D:15     | You paid a toll of 2 scrolls of acquirement to enter a treasure trove
 53252 | Trove    | Entered a treasure trove
 53337 | Trove    | Got a translucent iron ring
 53535 | Lair:1   | Identified the ring "Noata" {rF+ rC++ MR+} (You found it in a treasure trove)
 53642 | Elf:1    | Entered Level 1 of the Elven Halls
 53885 | Elf:1    | Found Xaypruen's Gadget Emporium.
 53895 | Elf:1    | Bought a wand of disintegration (3) for 119 gold pieces
 53957 | Elf:1    | Noticed Erica
 53969 | Elf:1    | Killed Erica
 54542 | Elf:1    | Noticed Nikola
 54559 | Elf:1    | Killed Nikola
 54821 | D:10     | Identified the Handbook of the Voyage
 55078 | D:5      | Bought a scroll labeled ESOUPY TRUUM for 25 gold pieces
 55078 | D:5      | Bought a scroll of fear for 87 gold pieces
 55591 | Elf:2    | Noticed Roxanne
 55604 | Elf:2    | Reached XP level 19. HP: 110/121 MP: 26/26
 55627 | Elf:2    | Killed Roxanne
 55637 | Elf:2    | Identified Roxanne's Catalogue of Shape Shifting (You took it off Roxanne on level 2 of the Elven Halls)
 56106 | Elf:2    | Found a runed gate.
 56106 | Elf:2    | Found a runed gate.
 56110 | Elf:2    | Found a runed gate.
 56156 | Elf:2    | Reached skill level 5 in Evocations
 56186 | Elf:2    | Noticed Saint Roka
 56193 | Elf:2    | Received a gift from Okawaru
 56227 | Elf:2    | Killed Saint Roka
 57091 | Elf:3    | Entered Level 3 of the Elven Halls
 57714 | Elf:3    | Found Suatuina's Armour Shoppe.
 58138 | Elf:3    | Received a gift from Okawaru
 58168 | Elf:3    | Received a gift from Okawaru
 58352 | Elf:3    | Received a gift from Okawaru
 58580 | Elf:3    | Received a gift from Okawaru
 58621 | Elf:3    | Reached XP level 20. HP: 84/128 MP: 27/27
 58648 | Elf:3    | Received a gift from Okawaru
 58943 | Elf:3    | Got a spiked leather armour
 58957 | Elf:3    | Identified the +4 leather armour of the Three Demons {rF+ Int-4 Dex+4} (You took it off a deep elf mage on level 3 of the Elven Halls)
 59238 | Elf:3    | Got a bloodstained plate armour
 59249 | Elf:3    | Identified the +7 plate armour "Hero's Friend" {rC+ MP-9 Str-4 Slay+4 SInv} (You found it on level 3 of the Elven Halls)
 59331 | Elf:3    | Identified Vehumet's Reference Book on Igneous Confrontation (You found it on level 3 of the Elven Halls)
 59493 | Elf:3    | Got an encrusted plate armour
 59526 | Elf:3    | Identified the +9 plate armour of the Iron City of Dis {rPois MR+ Str+3} (You found it on level 3 of the Elven Halls)
 60013 | Shoals:1 | Entered Level 1 of the Shoals
 61189 | Shoals:2 | Noticed Asterion
 61208 | Shoals:1 | Killed Asterion
 61208 | Shoals:1 | Received a gift from Okawaru
 63480 | Shoals:3 | Cast into the Abyss (merfolk)
 63715 | Abyss:1  | Reached skill level 20 in Shields
 63730 | Abyss:1  | Noticed an ancient lich
 63738 | Abyss:1  | Paralysed by an ancient lich for 2 turns
 63746 | Abyss:1  | Killed an ancient lich
 63951 | Abyss:1  | Reached skill level 15 in Fighting
 64222 | Shoals:3 | Escaped the Abyss
 64549 | Shoals:3 | Cast into the Abyss (merfolk)
 64620 | Abyss:1  | Found a corrupted altar of Lugonu.
 64732 | Shoals:3 | Escaped the Abyss
 66731 | Shoals:5 | Entered Level 5 of the Shoals
 66990 | Shoals:5 | Noticed Polyphemus
 67001 | Shoals:5 | Reached skill level 21 in Maces & Flails
 67017 | Shoals:5 | Paralysed by Polyphemus for 7 turns
 67026 | Shoals:5 | Paralysed by Polyphemus for 4 turns
 67038 | Shoals:5 | Killed Polyphemus
 67038 | Shoals:5 | Received a gift from Okawaru
 67241 | Shoals:5 | Reached XP level 21. HP: 126/134 MP: 28/28
 68154 | Shoals:5 | Noticed Ilsuiw
 68179 | Shoals:5 | Killed Ilsuiw
 68405 | Shoals:5 | Noticed Jorgrun
 68417 | Shoals:5 | Killed Jorgrun
 68759 | Shoals:5 | Received a gift from Okawaru
 68822 | Shoals:5 | Got a barnacled rune of Zot
 70068 | Depths:1 | Entered Level 1 of the Depths
 70072 | Depths:1 | Noticed the Enchantress
 70318 | Depths:1 | Noticed Agnes
 70371 | D:15     | Killed Agnes
 70381 | D:15     | Reached skill level 5 in Invocations
 70724 | D:15     | Killed the Enchantress
 70726 | D:15     | Got a faerie dragon armour
 70784 | D:15     | Identified the +2 faerie dragon armour {Slay+3} (You took it off the Enchantress on level 15 of the Dungeon)
 70821 | Depths:1 | Reached skill level 22 in Maces & Flails
 70872 | Depths:1 | Reached skill level 15 in Armour
 71225 | Depths:1 | Cast into the Abyss (a wizard)
 71359 | Abyss:1  | Found a snail-covered altar of Cheibriados.
 71440 | Depths:1 | Escaped the Abyss
 71608 | Depths:1 | Received a gift from Okawaru
 71780 | Depths:1 | Received a gift from Okawaru
 71787 | Depths:1 | Got a shimmering helmet {god gift}
 71800 | Depths:1 | Identified the +0 helmet of Relativism {MR+} (Okawaru gifted it to you on level 1 of the Depths)
 71896 | Depths:1 | Found Coij's Antique Weapon Boutique.
 71929 | Depths:1 | Found a gateway to Hell.
 72536 | Depths:1 | Reached XP level 22. HP: 136/141 MP: 29/29
 73089 | Depths:1 | Got an encrusted scale mail
 73104 | Depths:1 | Identified the +5 scale mail of Spite {Str+3} (You found it on level 1 of the Depths)
 74286 | Depths:2 | Received a gift from Okawaru
 74483 | Depths:2 | Noticed Sojobo
 74514 | Depths:2 | Killed Sojobo
 75564 | Depths:3 | Reached skill level 23 in Maces & Flails
 75567 | Depths:3 | Noticed Mennas
 75642 | Depths:3 | HP: 7/144 [Mennas/eudemon blade of holy wrath (12)]
 75648 | Depths:3 | Killed Mennas
 76356 | Depths:3 | Reached XP level 23. HP: 145/150 MP: 30/30
 76393 | Depths:3 | Found a one-way gate leading to the halls of Pandemonium.
 76670 | Depths:3 | Found a gateway to a ziggurat.
 77781 | Slime:1  | Entered Level 1 of the Pits of Slime
 78954 | Slime:2  | Received a gift from Okawaru
 81152 | Slime:4  | Noticed Dissolution
 81225 | Slime:3  | Killed Dissolution
 84459 | Slime:6  | Entered Level 6 of the Pits of Slime
 84801 | Slime:6  | Received a gift from Okawaru
 84802 | Slime:6  | Noticed the royal jelly
 84827 | Slime:5  | Received a gift from Okawaru
 85180 | Slime:6  | Gained mutation: [Your body is slowly deteriorating.] [a shining eye]
 85242 | Slime:6  | Reached XP level 24. HP: 122/160 MP: 31/31
 85467 | Slime:6  | Received a gift from Okawaru
 85775 | Slime:6  | Killed the royal jelly
 86799 | Slime:6  | Got a slimy rune of Zot
 88438 | Depths:4 | Received a gift from Okawaru
 88505 | Depths:4 | Reached skill level 24 in Maces & Flails
 89167 | Depths:4 | Found a corrupted altar of Lugonu.
 89167 | Depths:4 | Found a one-way gate to the infinite horrors of the Abyss.
 89200 | Depths:4 | Received a gift from Okawaru
 89800 | Depths:5 | Entered Level 5 of the Depths
 90374 | Depths:4 | Received a gift from Okawaru
 90511 | Depths:5 | Received a gift from Okawaru
 90521 | Depths:5 | Got a steaming morningstar {god gift}
 90527 | Depths:5 | Identified the +9 morningstar "Futenk" {crush, rF+ Int+4} (Okawaru gifted it to you on level 5 of the Depths)
 90740 | Depths:5 | Reached XP level 25. HP: 170/170 MP: 32/32
 90865 | Depths:5 | Found a gate to the Realm of Zot.
 91309 | Depths:5 | Noticed Frederick
 91317 | Depths:5 | Killed Frederick
 91921 | D:15     | Gained mutation: [Scrolls take you a little longer to read.] [mutagenic glow]
 92236 | Vaults:1 | Entered Level 1 of the Vaults
 92413 | Vaults:1 | Received a gift from Okawaru
 92607 | Vaults:1 | Received a gift from Okawaru
 92764 | Vaults:1 | Received a gift from Okawaru
 92886 | Vaults:1 | Identified a +1 pair of boots of running (You found it on level 1 of the Vaults)
 93404 | Vaults:1 | Found Janeip's Distillery.
 93417 | Vaults:1 | Bought a potion of cancellation for 112 gold pieces
 93417 | Vaults:1 | Bought a potion of curing for 42 gold pieces
 93417 | Vaults:1 | Bought a potion of cancellation for 112 gold pieces
 93417 | Vaults:1 | Bought a potion of cancellation for 112 gold pieces
 93996 | Vaults:1 | Noticed Wiglaf
 94011 | Vaults:1 | Killed Wiglaf
 94033 | Vaults:1 | Noticed Aizul
 94056 | Vaults:1 | Killed Aizul
 94516 | Vaults:2 | Received a gift from Okawaru
 94827 | Vaults:1 | Received a gift from Okawaru
 95129 | Vaults:2 | Found Thieff's Magic Scroll Shop.
 95158 | Vaults:2 | Received a gift from Okawaru
 95179 | Vaults:2 | Got a pair of faintly humming gloves {god gift}
 95309 | Vaults:2 | Identified the +2 pair of gloves "Fownu" {+Fly SInv} (Okawaru gifted it to you on level 2 of the Vaults)
 95757 | Vaults:2 | Reached skill level 25 in Maces & Flails
 95757 | Vaults:2 | Reached XP level 26. HP: 179/179 MP: 34/34
 96498 | Vaults:3 | Found a staircase to the Crypt.
 96566 | Vaults:3 | Reached skill level 10 in Evocations
 96651 | Vaults:3 | Found Quufimas' Distillery.
 96664 | Vaults:3 | Bought a potion of heal wounds for 70 gold pieces
 96664 | Vaults:3 | Bought a potion of curing for 42 gold pieces
 96664 | Vaults:3 | Bought a potion of curing for 42 gold pieces
 99417 | Vaults:4 | Received a gift from Okawaru
 99478 | Vaults:4 | Got a shimmering eveningstar {god gift}
 99479 | Vaults:4 | Identified the +3 eveningstar of Ambiguity {crush, *Rage rPois rN+++ MR- MP+9} (Okawaru gifted it to you on level 4 of the Vaults)
100693 | Vaults:5 | Entered Level 5 of the Vaults
101456 | Vaults:4 | Received a gift from Okawaru
101726 | Vaults:5 | Noticed Margery
101782 | Vaults:4 | Reached XP level 27. HP: 186/186 MP: 37/37
101803 | Vaults:4 | Killed Margery
102321 | Vaults:5 | Reached skill level 15 in Throwing
102818 | Vaults:4 | Received a gift from Okawaru
102894 | Vaults:5 | Got a silver rune of Zot
103742 | Vaults:5 | Got a slimy copper ring
103754 | Vaults:5 | Received a gift from Okawaru
103972 | Vaults:5 | Reached skill level 26 in Maces & Flails
104024 | Vaults:5 | Identified the ring of the Worm {rElec Str+3 Dex+4 Stlth+} (You took it off a yaktaur captain on level 5 of the Vaults)
104201 | Vaults:5 | Upgraded the game from 0.16.1-18-g436b03c to 0.16.1-25-gbcee3f8
104306 | Crypt:1  | Entered Level 1 of the Crypt
105430 | Crypt:2  | Found an ancient bone altar of Kikubaaqudgha.
106939 | Crypt:3  | Entered Level 3 of the Crypt
107150 | Crypt:3  | Noticed an ancient lich
107164 | Crypt:3  | Killed an ancient lich
107489 | Crypt:3  | Received a gift from Okawaru
107554 | Crypt:3  | Found a staircase to the Tomb.
108699 | Crypt:3  | Noticed an ancient lich
108699 | Crypt:3  | Noticed an ancient lich
108736 | Crypt:3  | Killed an ancient lich
108761 | Crypt:3  | Killed an ancient lich
108775 | Crypt:3  | Identified Ibriutsi's Reference Book on Dusty Conjuration
108791 | Crypt:3  | Identified a +4 rod of inaccuracy (14/14) (You found it on level 3 of the Crypt)
108940 | Tomb:1   | Entered Level 1 of the Tomb of the Ancients
109761 | Tomb:1   | Received a gift from Okawaru
112316 | Tomb:1   | Noticed jazmu's ghost (legendary GrAM)
112471 | Tomb:1   | Killed jazmu's ghost
112612 | Tomb:1   | Received a gift from Okawaru
112797 | Tomb:1   | Received a gift from Okawaru
113479 | Tomb:1   | Received a gift from Okawaru
115060 | Tomb:1   | Reached skill level 27 in Maces & Flails
115239 | Tomb:3   | Entered Level 3 of the Tomb of the Ancients
116010 | Tomb:2   | Received a gift from Okawaru
116086 | Tomb:2   | Gained mutation: You occasionally shout uncontrollably at your foes. [a neqoxec]
116087 | Tomb:2   | Gained mutation: [Your body is deteriorating.] [a neqoxec]
116303 | Tomb:3   | Received a gift from Okawaru
116317 | Tomb:3   | Got an ichor-stained ring mail {god gift}
116543 | Tomb:3   | Noticed an ancient lich
116549 | Tomb:3   | Killed an ancient lich
116962 | Tomb:3   | Got a golden rune of Zot
117168 | Tomb:3   | Got a scorched golden ring
117171 | Tomb:3   | Identified the ring of Cluoli Xuic {Ice Str-5 Int+4 Dex+3} (You found it on level 3 of the Tomb of the Ancients)
117396 | Tomb:3   | Identified the Compendium of Displaced Confrontation
117399 | Tomb:3   | Identified Sif Muna's Catalogue of Warped Self-Knowledge
117436 | Tomb:3   | Got a translucent pewter ring
117439 | Tomb:3   | Identified the ring "Smiazuko" {rF+ Str+4} (You found it on level 3 of the Tomb of the Ancients)
118244 | Lair:1   | Lost mutation: [Scrolls take you a little longer to read.] [potion of cure mutation]
118244 | Lair:1   | Lost mutation: [Your body is deteriorating.] [potion of cure mutation]
118244 | Lair:1   | Lost mutation: [Your body is slowly deteriorating.] [potion of cure mutation]
118244 | Lair:1   | Lost mutation: You occasionally shout uncontrollably at your foes. [potion of cure mutation]
118465 | Zot:1    | Entered Level 1 of the Realm of Zot
118844 | Depths:5 | Received a gift from Okawaru
120366 | Zot:2    | Reached skill level 27 in Shields
120607 | Zot:2    | Noticed an orb of fire
120624 | Zot:2    | Killed an orb of fire
120951 | Zot:2    | Reached skill level 15 in Evocations
122827 | Depths:5 | Received a gift from Okawaru
123282 | Zot:3    | Noticed Tiamat
123313 | Zot:3    | Killed Tiamat
124920 | Zot:3    | Received a gift from Okawaru
127063 | Zot:4    | Reached skill level 27 in Fighting
127328 | Zot:4    | Received a gift from Okawaru
127927 | Zot:5    | Entered Level 5 of the Realm of Zot
128568 | Zot:5    | Noticed an ancient lich
128576 | Zot:5    | Killed an ancient lich
128654 | Zot:5    | Noticed an orb of fire
128675 | Zot:5    | Killed an orb of fire
128737 | Zot:5    | Noticed an ancient lich
128743 | Zot:5    | Killed an ancient lich
128750 | Zot:5    | Noticed an ancient lich
128768 | Zot:5    | Killed an ancient lich
128768 | Zot:5    | Received a gift from Okawaru
128773 | Zot:5    | Got a jewelled cloak {god gift}
129201 | Zot:4    | Identified the -3 cloak of Resilience {rF+++ Stlth+} (Okawaru gifted it to you on level 5 of the Realm of Zot)
129504 | Zot:5    | Noticed an ancient lich
129512 | Zot:5    | Killed an ancient lich
129576 | Zot:5    | Noticed an orb of fire
129601 | Zot:5    | Killed an orb of fire
129810 | Zot:5    | Noticed an ancient lich
129832 | Zot:5    | Killed an ancient lich
130008 | Zot:5    | Noticed an orb of fire
130017 | Zot:5    | Killed an orb of fire
130043 | Zot:5    | Noticed an ancient lich
130057 | Zot:5    | Killed an ancient lich
130357 | Zot:5    | Noticed an ancient lich
130367 | Zot:5    | Killed an ancient lich
130383 | Zot:5    | Reached skill level 10 in Dodging
130444 | Zot:5    | Noticed an orb of fire
130512 | Zot:5    | Killed an orb of fire
130884 | Zot:5    | Noticed an orb of fire
130894 | Zot:5    | Killed an orb of fire
131048 | Zot:5    | Received a gift from Okawaru
132324 | Depths:4 | Voluntarily entered the Abyss.
132675 | Abyss:4  | Found a corrupted altar of Lugonu.
132682 | Abyss:5  | Entered Level 5 of the Abyss
132724 | Abyss:5  | Gained mutation: [Scrolls take you a little longer to read.] [a neqoxec]
133395 | Abyss:5  | Paralysed by accursed screaming for 1 turns
133846 | Abyss:5  | Received a gift from Okawaru
133887 | Abyss:5  | Noticed an ancient lich
133901 | Abyss:5  | Killed an ancient lich
133964 | Abyss:5  | Reached skill level 5 in Stealth
134512 | Abyss:5  | Paralysed by accursed screaming for 1 turns
134527 | Abyss:5  | HP: 6/179 [octopode crusher (16)]
134528 | Abyss:5  | Thrown by an octopode crusher

Action                   |  1- 3 |  4- 6 |  7- 9 | 10-12 | 13-15 | 16-18 | 19-21 | 22-24 | 25-27 || total
-------------------------+-------+-------+-------+-------+-------+-------+-------+-------+-------++-------
Melee: Flail             |   102 |   303 |   632 |   211 |  1756 |  1498 |       |       |       ||  4502
       Morningstar       |       |       |       |  1011 |   729 |  1613 |  1732 |  2036 |  4866 || 11987
       Demon whip        |       |       |       |       |       |       |       |       |  1107 ||  1107
Throw: Stone             |    30 |   126 |   174 |    18 |       |       |       |       |       ||   348
       Tomahawk          |       |       |    15 |   115 |   139 |    55 |   103 |   103 |   527 ||  1057
       Javelin           |       |       |       |    51 |    81 |   114 |    98 |    46 |   720 ||  1110
       Throwing net      |       |       |       |       |       |       |     3 |     1 |       ||     4
Invok: Heroism           |       |       |     1 |     9 |       |       |     2 |       |       ||    12
       Finesse           |       |       |       |     3 |     8 |     5 |     2 |     3 |     3 ||    24
Evoke: Wand              |       |       |       |    15 |   102 |    50 |    95 |   105 |   177 ||   544
       Box of beasts     |       |       |       |       |       |       |     6 |     8 |     9 ||    23
       Sack of spiders   |       |       |       |       |       |       |       |       |     5 ||     5
  Use: Scroll            |     2 |     1 |     2 |     9 |     7 |    24 |    17 |    12 |    46 ||   120
       Potion            |       |     1 |     4 |     1 |     3 |     3 |     5 |    10 |    35 ||    62
 Stab: Paralysed         |       |       |       |       |     6 |     2 |       |       |     2 ||    10
       Distracted        |       |       |       |       |       |     1 |       |     1 |     3 ||     5
       Fleeing           |       |       |       |       |       |     1 |       |       |       ||     1
       Confused          |       |       |       |       |       |     1 |     1 |     3 |     1 ||     6
       Held in net/web   |       |       |       |       |       |       |       |       |     1 ||     1
       Petrifying        |       |       |       |       |       |       |       |       |     1 ||     1
  Eat: Chunk             |     2 |     8 |    19 |    27 |    49 |    53 |    38 |    13 |    90 ||   299
       Beef jerky        |       |     1 |     1 |     1 |       |     4 |     3 |     3 |     9 ||    22
       Pizza             |       |       |     1 |     1 |     1 |     4 |       |       |     3 ||    10
       Fruit             |       |       |       |     1 |     4 |     1 |     6 |     1 |     6 ||    19
       Royal jelly       |       |       |       |       |       |     1 |     3 |     1 |     1 ||     6
       Bread ration      |       |       |       |       |       |     1 |       |     9 |     7 ||    17
